 Dungeon Crawl Stone Soup version 0.17-a0-1900-g45e8110 (webtiles) character file.

1572 4thArraOfDagon the Carver (level 8, -5/85 HPs)
             Began as a High Elf Berserker on Sept 24, 2015.
             Was a Believer of Trog.
             Slain by a hill giant
             ... wielding a +0 giant spiked club
              (30 damage)
             ... on level 12 of the Dungeon.
             The game lasted 00:07:00 (1340 turns).

4thArraOfDagon the Carver (High Elf Berserker)      Turns: 1340, Time: 00:07:00

Health: -5/85      AC: 10    Str: 21    XL:     8   Next: 59%
Magic:  9/9        EV: 10    Int: 12    God:    Trog [**....]
Gold:   106        SH:  0    Dex: 16    Spells: 0 memorised, 7 levels left

rFire  . . .     SeeInvis .     a - +0 falchion
rCold  . . .     Clarity  .     t - +0 chain mail
rNeg   . . .     SustAt   .     (no shield)
rPois  .         Gourm    .     (no helmet)
rElec  .         Spirit   .     f - +0 cloak (curse)
rCorr  .         Warding  .     (no gloves)
rMut   .         Stasis   .     (no boots)
MR     .....                    (no amulet)
Stlth  ..........               (no ring)
                                (no ring)

@: berserking (expiring), very quick, not resistant to hostile enchantments,
extremely unstealthy
A: no striking features
a: Burn Spellbooks, Berserk, Trog's Hand, Renounce Religion


You were on level 12 of the Dungeon.
You worshipped Trog.
Trog was pleased with you.
You were hungry.

You visited 1 branch of the dungeon, and saw 13 of its levels.

You collected 106 gold pieces.

Inventory:

Hand weapons
 a - a +0 falchion (weapon)
 p - a +0 blowgun
 r - a +0 bardiche
Missiles
 g - 4 needles of sleeping
 q - 19 poisoned needles
Armour
 f - a cursed +0 cloak (worn)
 s - a +0 plate armour
 t - a +0 chain mail (worn)
Magical staves
 o - an uncursed staff of fire {unknown}
Scrolls
 b - a scroll of identify {unknown}
 j - a scroll of teleportation {unknown}
 l - a scroll of fear {unknown}
 m - 2 scrolls of fog {unknown}
 u - a scroll of remove curse {unknown}
Potions
 e - 2 potions of heal wounds {unknown}
 h - 2 potions of curing {unknown}
 i - 2 potions of poison {unknown}
 k - a potion of degeneration {unknown}
Comestibles
 c - 5 bread rations
 d - 2 chunks of flesh
 n - a meat ration


   Skills:
 + Level 5.7 Fighting
 * Level 9.1 Long Blades
 + Level 4.8 Armour
 + Level 5.4 Dodging


You had 7 spell levels left.
You didn't know any spells.

Dungeon Overview and Level Annotations

Branches:
Dungeon (13/15)
 Temple: D:4-7         Lair: D:8-11         Orc: D:9-12      Vaults: D:13-14

Altars:
Ru


Message History

The hill giant closely misses you.
You hit the hill giant.
The hill giant is lightly wounded.
You hit the hill giant.
The hill giant is lightly wounded.
The hill giant hits you with a giant spiked club!!
* * * LOW HITPOINT WARNING * * *
You hit the hill giant.
The hill giant is moderately wounded.
You hit the hill giant.
The hill giant is moderately wounded.
You slash the hill giant!
The hill giant is heavily wounded.
The hill giant barely misses you.
You slash the hill giant!
The hill giant is heavily wounded.
You slash the hill giant!
The hill giant is severely wounded.
The hill giant hits you with a giant spiked club!!
You die...

#....†##.....##...........
.####..##.#.#.##...........
.......##.#.#..####........
..###.......#...###........
#...............#########
###.##........#.# #.#...
...##........#C###.#.#
.............C##.......###
.......###.....@##.........#####
...##..# ##.##...#.###.........#
... ...####.##.....###..##.##.#
.. ...........#.#.#..........##
####.##.#...#............
#....##..#............
#######..###.###...... #..###.#
#...... ##>....# #......


You could see a hill giant.

Vanquished Creatures
  A hill giant (D:11)
  A troll (D:9)
  A wyvern (D:9)
  An orc warrior (D:10)
  A centaur (D:11)
  2 black bears
  A wasp (D:12)
  A necrophage (D:9)
  An ogre (D:6)
  A big kobold (D:9)
  A crimson imp (D:10)
  A worker ant (D:8)
  An iguana (D:9)
  A giant gecko (D:6)
  3 orcs
  A ball python (D:1)
  A giant cockroach (D:1)
  4 hobgoblins (D:1)
  4 jackals (D:5)
  2 quokkas
  6 kobolds
  3 rats (D:1)
39 creatures vanquished.

Notes
Turn   | Place    | Note
--------------------------------------------------------------
     0 | D:1      | 4thArraOfDagon the High Elf Berserker began the quest for the Orb.
     0 | D:1      | Reached XP level 1. HP: 16/16 MP: 2/2
    75 | D:1      | Reached skill level 4 in Long Blades
    90 | D:1      | Reached XP level 2. HP: 11/21 MP: 3/3
   227 | D:5      | Entered Level 5 of the Dungeon
   328 | D:6      | Acquired Trog's second power
   399 | D:6      | Noticed an ogre
   406 | D:6      | Killed an ogre
   406 | D:6      | Reached skill level 5 in Long Blades
   406 | D:6      | Reached XP level 3. HP: 26/26 MP: 4/4
   406 | D:6      | Reached XP level 4. HP: 31/31 MP: 5/5
   503 | D:8      | Noticed a troll
   542 | D:8      | Noticed a black bear
   545 | D:8      | Found a sacrificial altar of Ru.
   555 | D:8      | Killed a black bear
   555 | D:8      | Reached XP level 5. HP: 37/37 MP: 6/6
   611 | D:8      | Noticed a hungry ghost
   744 | D:9      | Noticed a necrophage
   755 | D:9      | Killed a necrophage
   755 | D:9      | Reached XP level 6. HP: 43/43 MP: 7/7
   757 | D:9      | Reached skill level 6 in Long Blades
   810 | D:9      | Noticed a wyvern
   824 | D:9      | Killed a wyvern
   824 | D:9      | Reached XP level 7. HP: 49/49 MP: 8/8
   841 | D:9      | Noticed a yak
   872 | D:9      | Noticed a troll
   895 | D:9      | Killed a troll
   895 | D:9      | Reached skill level 7 in Long Blades
   897 | D:10     | Entered Level 10 of the Dungeon
   942 | D:10     | Noticed a yak
   997 | D:10     | Reached skill level 5 in Fighting
  1031 | D:10     | Noticed a wraith
  1049 | D:11     | Noticed a hill giant
  1068 | D:11     | Killed a hill giant
  1068 | D:11     | Reached skill level 8 in Long Blades
  1068 | D:11     | Reached skill level 5 in Dodging
  1068 | D:11     | Reached XP level 8. HP: 56/56 MP: 9/9
  1110 | D:11     | Noticed a two-headed ogre
  1194 | D:12     | Reached skill level 9 in Long Blades
  1272 | D:13     | Noticed a hill giant
  1272 | D:13     | Noticed a hill giant
  1340 | D:12     | Slain by a hill giant

Vault maps used:
D:1:      dpeg_arrival_windows_large_door, roderic_hopi_sauvastika,
          minivault_25, minivault_24, serial_park_tiny_1
D:2:      nicolae_overflow_hidden_temple, old_standard_altar, first_bread
D:3:      minmay_statues_item
D:4:      minitemple, nrook_uturn, cheibriados_altar_wand_db
D:5:      minmay_temple_entry_mist
D:7:      kennysheep_little_box, uniq_duvessa
D:8:      serial_shops, shop, special_room, basic_altar
D:10:     minmay_lair_entry_grove, orc_0_dummy
D:11:     lemuel_upstairs_altar
D:13:     grunt_vaults_entry_fortified

Action                   |  1- 3 |  4- 6 |  7- 9 || total
-------------------------+-------+-------+-------++-------
Melee: Falchion          |    62 |    32 |    68 ||   162
Invok: Berserk           |     3 |     4 |     6 ||    13
       Trog's Hand       |     1 |       |     3 ||     4
  Use: Scroll            |     1 |       |       ||     1
 Stab: Sleeping          |     3 |       |       ||     3
  Eat: Chunk             |     1 |     5 |     8 ||    14
